Map: Fracture LE

Players

Lambo - Winner!

  • Race: Zerg Zerg
  • Spawn Location: 5:00

Zanster

  • Race: Zerg Zerg
  • Spawn Location: 11:00

Event: WCS Montreal 2018

VOD

Have the link to the VOD?

Description

Time

  • Played on: Sept. 8, 2018, 11:29 a.m.
  • Length: 7:37

All games in this series

Show
View Real Time Build Order
Export as new Build Order

Lambo Zerg - Winner!

Build Orders: Pool First 

Get SALT Encoding   

  12  0:00  Drone  
  13  0:12  Overlord  
  13  0:16  Drone  
  14  0:30  Drone x2  
  14  0:35  Drone  
  17  0:42  Spawning Pool  
  17  0:47  Drone  
  17  0:55  Drone  
  18  1:10  Hatchery  
  17  1:12  Extractor  
  17  1:14  Drone  
  17  1:29  Zergling x4  
  17  1:30  Queen  
  21  1:40  Overlord  
  21  1:49  Drone  
  22  1:59  Drone  
  23  2:05  Queen  
  25  2:10  Drone  
  25  2:12  Metabolic Boost  
  26  2:22  Drone x2, Queen  
  29  2:38  Drone x4  
  29  2:39  Drone  
  29  2:43  Drone  
  35  2:47  Overlord  
  35  2:55  Overlord  
  35  3:11  Evolution Chamber  
  35  3:12  Zergling x12  
  40  3:15  Zergling x6  
  43  3:24  Zergling x4  
  45  3:30  Zergling x4  
  47  3:43  Drone  
  47  3:44  Drone  
  47  3:46  Drone x2  
  51  3:48  Drone  
  51  3:51  Roach Warren  
  51  3:52  Drone  
  51  3:53  Overlord  
  52  4:01  Zerg Ground Armor Level 1  
  52  4:11  Drone x3  
  52  4:14  Hatchery  
  52  4:15  Drone x2  
  56  4:18  Drone  
  56  4:19  Drone  
  56  4:22  Drone  
  59  4:25  Drone  
  59  4:26  Extractor  
  59  4:27  Extractor  
  59  4:28  Drone  
  58  4:31  Overlord  
  58  4:35  Overlord  
  58  4:48  Drone  
  58  4:52  Roach x4  
  67  4:53  Overlord  
  67  4:58  Roach x3  
  73  5:03  Roach  
  73  5:04  Overlord  
  75  5:11  Overlord  
  75  5:14  Roach x2  
  79  5:21  Roach  
  81  5:23  Overlord  
  81  5:25  Roach  
  81  5:26  Overlord  
  83  5:31  Overlord  
  83  5:32  Zergling x4  
  83  5:33  Ravager x2  
  83  5:34  Ravager  
  88  5:37  Zergling x2  
  88  5:40  Ravager  
  88  5:41  Zergling x6  
  93  5:47  Zergling x6  
  96  5:51  Zergling x4  
  96  5:52  Ravager  
  96  5:53  Zergling x2  
  96  5:54  Zergling x2  
  101  5:59  Zergling x6  
  101  6:01  Zergling x2  
  101  6:04  Zergling x2  
  106  6:08  Zergling x4  
  108  6:16  Zergling x10  
  106  6:20  Zergling x2  
  106  6:23  Zergling x2  
  106  6:24  Ravager  
  106  6:25  Ravager  
  102  6:27  Zergling x8  
  102  6:30  Zergling x4  
  102  6:32  Ravager  
  102  6:33  Zergling x2  
  102  6:36  Zergling x4  
  102  6:38  Zergling x2  
  99  6:42  Zergling x4  
  99  6:45  Zergling x4  
  99  6:47  Zergling x2  
  99  6:49  Ravager x3  
  99  6:52  Zergling x4  
  103  6:57  Zergling x2  
  103  6:59  Zergling x6  
  107  7:03  Zergling x4  
  107  7:06  Zergling x4  
  107  7:10  Zergling x4  
  107  7:12  Zergling x4  
  102  7:16  Zergling x4  
  102  7:17  Zergling x2  
  102  7:20  Zergling x2  
Show
View Real Time Build Order
Export as new Build Order

Zanster Zerg 

Build Orders: Hatch First 

Get SALT Encoding   

  12  0:00  Drone  
  13  0:13  Overlord  
  13  0:17  Drone  
  14  0:31  Drone x2  
  16  0:48  Hatchery  
  15  0:51  Drone  
  15  0:54  Drone  
  17  0:58  Drone  
  18  1:09  Extractor  
  17  1:13  Spawning Pool  
  17  1:16  Drone  
  17  1:20  Drone  
  18  1:29  Drone  
  19  1:41  Drone  
  20  1:49  Overlord  
  20  2:00  Queen x2  
  20  2:01  Zergling x4  
  26  2:11  Drone  
  26  2:12  Drone  
  28  2:22  Drone  
  29  2:29  Drone  
  29  2:34  Drone, Roach Warren  
  29  2:35  Drone  
  30  2:43  Overlord  
  30  2:45  Drone  
  31  2:54  Drone  
  31  2:56  Overlord  
  31  3:14  Roach  
  31  3:15  Roach x7  
  47  3:23  Evolution Chamber  
  47  3:25  Overlord  
  47  3:26  Drone  
  47  3:37  Drone x2  
  49  3:44  Drone x6  
  49  3:48  Lair  
  55  3:50  Drone  
  55  3:53  Drone  
  57  3:59  Extractor  
  57  4:01  Extractor, Zerg Missile Weapons Level 1  
  55  4:08  Evolution Chamber  
  54  4:10  Drone  
  54  4:11  Drone x2  
  54  4:12  Drone x2  
  54  4:13  Drone  
  60  4:19  Overlord  
  60  4:27  Overlord  
  60  4:36  Overlord  
  60  4:39  Roach x3  
  60  4:42  Drone x2  
  70  4:45  Roach  
  70  4:46  Roach x2  
  70  4:48  Glial Reconstitution  
  70  4:50  Overlord  
  70  4:52  Roach  
  76  4:55  Overlord  
  76  4:58  Overlord  
  76  5:08  Roach  
  76  5:09  Roach  
  80  5:15  Roach  
  80  5:16  Roach x3  
  88  5:25  Hatchery  
  88  5:26  Roach  
  91  5:28  Roach  
  91  5:31  Roach  
  91  5:33  Overlord  
  93  5:40  Roach x2  
  97  5:48  Roach  
  99  5:50  Overlord  
  99  5:56  Roach x4  
  107  6:06  Drone  
  107  6:08  Drone, Overlord  
  103  6:19  Roach x4  
  95  6:25  Roach  
  95  6:26  Roach x3  
  85  6:34  Roach x3  
  89  6:40  Roach x2  
  83  6:50  Roach x2  
  83  6:53  Queen  
  79  6:56  Roach  
  85  7:04  Roach  
  83  7:14  Roach x5  
  73  7:18  Roach  
Tags
 
Add a new tag
Caveats
  • Supply blocks, unpowered buildings, or Contaminate may cause inaccurate times.
  • Supply counts are checked every 10 seconds.